 Dungeon Crawl Stone Soup version 0.31-a0-339-gda1cbd555d (webtiles) character file.

Game seed: 10101814263594354424

306 LeprechaunX the Ruffian (level 6, -3/41 HPs)
             Began as an Octopode Shapeshifter on July 20, 2023.
             Slain by Duvessa
             ... wielding a +0 short sword
              (11 damage)
             ... on level 4 of the Dungeon.
             The game lasted 00:04:51 (2788 turns).

LeprechaunX the Ruffian (Octopode Shapeshifter)     Turns: 2788, Time: 00:04:52

Health: -3/41      AC:  1    Str: 17    XL:     6   Next: 39%
Magic:  6/6        EV: 13    Int: 10    God:
Gold:   185        SH:  0    Dex: 12    Spells: 5/5 levels left

rFire   . .          .
                       - Unarmed
rCold   . . .        (no shield)
rNeg    . . .        (helmet currently unavailable)
rPois   .            (no amulet)
rElec   .            (no ring)
rCorr   .            (no ring)
SInv    .            (no ring)
Will    .....        (no ring)
Stlth   ++           (no ring)
HPRegen 0.26/turn    (no ring)
MPRegen 0.10/turn    (no ring)
                     (no ring)

%: no passive effects
@: beast-form
A: beast (slay +2), almost no armour, amphibious, 8 rings, camouflage 1,
gelatinous body 1, (nimble swimmer 1), tentacles
a: Begin Untransformation


You were on level 4 of the Dungeon.
You were a hulking beast.
You visited 1 branch of the dungeon, and saw 4 of its levels.

You collected 185 gold pieces.

Inventory:

Hand Weapons
 a - a +1 heavy sling
Jewellery
 h - a ring of magical power
Talismans
 b - a beast talisman
Wands
 g - a wand of paralysis (8)
Scrolls
 c - a scroll of revelation {unknown}
 e - 2 scrolls of identify {unknown}
 f - 3 scrolls of poison {unknown}
 i - a scroll of fear {unknown}
 j - a scroll of butterflies {unknown}
 k - 2 scrolls of noise {unknown}
 l - a scroll of teleportation
Potions
 d - 2 potions of attraction {unknown}
 m - 2 potions of lignification
 n - 2 potions of brilliance {unknown}
 o - a potion of heal wounds {unknown}


   Skills:
 + Level 2.5 Fighting
 + Level 1.1 Ranged Weapons
 + Level 3.0 Dodging
 * Level 4.5 Unarmed Combat
 * Level 4.2 Shapeshifting


You had 5 spell levels left.
You didn't know any spells.
Your spell library was empty.

Dungeon Overview and Level Annotations

Branches:
Dungeon (4/15)
 Temple: D:4-7

Altars:
Makhleb
Xom

Portals:
Abyss: D:3

Annotations:
D:3 2 transporters, GiantSquids's ghost, amateur OpSh
D:4 Dowan; Duvessa; Sigmund


Innate Abilities, Weirdness & Mutations

You are a hulking beast.
Your limbs bulge with bestial killing power. (Slay +2)
You cannot wear most types of armour.
You are amphibious.
You can wear up to eight rings at the same time.
Your skin changes colour to match your surroundings (Stealth+).
Your rubbery body absorbs attacks. (AC +1, EV +1)
((You are camouflaged when in or above water. (Stealth+)))
You have tentacles for arms and can constrict up to eight enemies at once.


Message History

The sling bullet barely misses Duvessa.
Duvessa shouts!
Sigmund hits you from afar with a +1 heavy scythe!
You shoot a sling bullet. The sling bullet barely misses Sigmund.
The sling bullet closely misses Duvessa.
Dowan, Brother of Duvessa comes into view.
He is wielding a +0 dagger.
Sigmund points at you and mumbles some strange words.
The magic dart hits you!
You are too injured to fight recklessly!
Unknown command.
Dowan smirks and points a slender finger.
Dowan points at Duvessa and mumbles some strange words.
Duvessa seems to speed up.
Sigmund points at you and mumbles some strange words.
You resist with some effort.
Duvessa gestures with her weapon.
Sigmund mumbles some strange words.
Sigmund flickers and vanishes!
Deactivating autopickup; reactivate with Ctrl-A.
You are now empty-tentacled.
Duvessa hits you with a +0 short sword.
You bludgeon Duvessa! Your grab misses Duvessa. You squeeze Duvessa!
Duvessa is moderately wounded.
Duvessa hits you with a +0 short sword.
You bludgeon Duvessa! Your grab misses Duvessa.
Duvessa is heavily wounded.
Duvessa completely misses you.
You tentacle-slap Duvessa but do no damage.
Your grab misses Duvessa.
Duvessa is heavily wounded.
Duvessa hits you with a +0 short sword.
* * * LOW HITPOINT WARNING * * *
Duvessa hits you with a +0 short sword.
* * * LOW HITPOINT WARNING * * *
You tentacle-slap Duvessa. You grab Duvessa.
Duvessa is severely wounded.
You constrict Duvessa. Duvessa closely misses you.
You tentacle-slap Duvessa.
Duvessa is almost dead.
You constrict Duvessa. Duvessa hits you with a +0 short sword!
You die...

####.#.......##.##
.................#
####......#.###..#
#..###.#.# #..#.#
#..# #.#.# #..#.#
#..# #.#.###..#.#
.... ..#......#.#
....# ########.#.#
#....# #h#.#### #....
####e#....#####
#.............#
#.............#######
#....................
#....................
####'##+######.......
#.##.# #......†
##.##.# #.......


You could see Duvessa (fast).

Vanquished Creatures
  A phantom (D:4)
  A howler monkey (D:4)
  An orc wizard (D:3)
  5 adders
  6 gnolls
  2 worms (D:2)
  A dart slug (D:3)
  2 orcs (D:3)
  4 endoplasms
  3 giant cockroaches
  4 goblins
  3 hobgoblins
  2 jackals (D:2)
  4 quokkas
  3 ball pythons
  4 bats
  5 frilled lizards
  7 kobolds
  6 rats
64 creatures vanquished.

Vanquished Creatures (others)
  2 gnolls (D:2)
2 creatures vanquished.

Grand Total: 66 creatures vanquished

Notes
Turn   | Place    | Note
-------+----------+-------------------------------------------
     0 | D:1      | LeprechaunX the Octopode Shapeshifter began the quest for
                  | the Orb.
     0 | D:1      | Reached XP level 1. HP: 13/13 MP: 1/1
    95 | D:1      | Reached XP level 2. HP: 17/18 MP: 2/2
   124 | D:1      | You fall into a shaft and drop 1 floor!
   203 | D:2      | Reached XP level 3. HP: 20/23 MP: 3/3
   428 | D:2      | Found a shimmering altar of Xom.
  1088 | D:2      | Reached XP level 4. HP: 24/28 MP: 4/4
  1359 | D:2      | HP: 1/28 [gnoll/+0 spear (2)]
  1382 | D:3      | Found a burning altar of Makhleb.
  1571 | D:3      | Noticed a small abomination
  1929 | D:3      | Reached XP level 5. HP: 18/34 MP: 5/5
  2131 | D:3      | Noticed GiantSquids's ghost (amateur OpSh)
  2147 | D:3      | Noticed a toenail golem
  2151 | D:3      | Found a transporter.
  2226 | D:3      | Noticed a small abomination
  2227 | D:3      | Found a transporter.
  2227 | D:3      | Found a one-way gate to the infinite horrors of the Abyss.
  2547 | D:4      | Reached XP level 6. HP: 40/40 MP: 6/6
  2602 | D:4      | Reached skill level 1 in Ranged Weapons
  2696 | D:4      | Noticed Sigmund
  2696 | D:4      | Noticed Duvessa
  2768 | D:4      | Noticed Dowan
  2788 | D:4      | Slain by Duvessa

Illustrated notes

Levels and vault maps discovered:
D:1:      minmay_arrival_up_and_down, layout_rooms, palyth_stone_intersect,
          corexii_corridor_pit
D:2:      layout_loops_corners, basic_altar, minmay_misc_feat_pillars,
          lemuel_flame_loot_1
D:3:      layout_rooms, bloody_makhleb, gammafunk_ghost_abyssal_escape,
          chequers_arboretum, minmay_crystal_water
D:4:      layout_basic, nicolae_overflow_two_pavilions,
          minmay_temple_entry_slanted, uniq_sigmund, uniq_duvessa

Skill      XL: |  1  2  3  4  5  6 |
---------------+-------------------+-----
Fighting       | 2 |  2.5
Unarmed Combat | 4 |  4.5
Shapeshifting  | 4 |  4.2
Ranged Weapons | 1 |  1.1
Dodging        | 3 |  3.0

Action                     |  1- 3 |  4- 6 || total
---------------------------+-------+-------++-------
  Melee: Unarmed           |    64 |    50 ||   114
         Constrict         |    15 |    16 ||    31
         Tentacles         |    11 |    15 ||    26
         Punch             |     3 |     1 ||     4
   Fire: Sling             |       |    20 ||    20
   Stab: Distracted        |     1 |       ||     1
         Sleeping          |     5 |     2 ||     7
 Armour: Skin              |     8 |       ||     8
  Dodge: Dodged            |    26 |    29 ||    55

Table legend: (Time is in decaauts)
 A = Elapsed time spent in this place.
 B = Non-inter-level travel time spent in this place.
 C = Inter-level travel time spent in this place.
 D = Time resting spent in this place.
 E = Time spent auto-exploring this place.
 F = Levels seen in this place.
 G = Mean time per level.
                   A        B        C        D        E       F      G
               +--------+--------+--------+--------+--------+-----+--------+
         Total |   2796 |   2532 |    264 |     62 |   2027 |   4 |  699.0 |
       Dungeon |   2796 |   2532 |    264 |     62 |   2027 |   4 |  699.0 |
               +--------+--------+--------+--------+--------+-----+--------+

Top non-repeatable levels by time:
     D:2: 1189 daAuts
     D:3: 760 daAuts
     D:1: 446 daAuts
     D:4: 400 daAuts
